AoeStats
← TBO Comico

Pilgrims

508948221Analyzed
2v2 RM · 9d ago on Sep 24, 2026· 34m 54s· 4 players
Game mode
Random Map
Map size
Medium (4 player)
Population
200
Speed
Normal
Resources
Standard
Victory
Conquest
Starting age
Dark Age
Ending age
Imperial Age
RankedLock teamsTeams togetherTeam positionsShared explorationLock speedFull tech treeHidden civsTurbo modeCheats
Victory
Defeat
🇺🇸 Maya · United States
1428
+18
🇧🇪 Bengalis · Belgium
1329
+22
🇲🇽 Ethiopians · Mexico
1466
-20
🇲🇽 Slavs · Mexico
1462
-20
UrielMazatzi
4:29 Loom
9:45 Feudal Age
10:08 Horse Collar
10:17 Double-Bit Axe
11:39 Town Watch
21:22 Castle Age
23:06 Bow Saw
23:02 Heavy Plow
TBO Comico
9:21 Loom
11:09 Feudal Age
9:59 Loom
14:59 Fletching
15:22 Double-Bit Axe
15:51 Horse Collar
23:25 Castle Age
24:04 Bodkin Arrow
23:31 Crossbowman
24:35 Bow Saw
24:33 Heavy Plow
29:24 Padded Archer Armor
32:49 Leather Archer Armor
35:25 Imperial Age
Pwncakes
8:23 Loom
10:28 Feudal Age
11:04 Double-Bit Axe
14:12 Fletching
19:04 Fishing Lines
21:50 Castle Age
19:53 Padded Archer Armor
24:43 Wheelbarrow
26:01 Stone Mining
26:07 Crossbowman
27:47 Bodkin Arrow
30:02 Leather Archer Armor
31:31 Ballistics
33:46 Imperial Age
33:29 Thumb Ring
33:58 Arbalester
34:46 Bracer
TurdLips
9:08 Loom
12:09 Feudal Age
16:38 Castle Age
15:17 Scale Mail Armor
15:27 Forging
16:40 Wheelbarrow
15:37 Man-at-Arms
16:03 Arson
16:44 Long Swordsman
21:26 Gambesons
23:40 Squires
24:56 Horse Collar
26:15 Chain Mail Armor
27:11 Iron Casting
32:00 Imperial Age
30:27 Fletching
31:47 Ballistics
32:32 Bodkin Arrow
34:14 Chemistry
33:56 Elite Elephant Archer
35:08 Bracer
Connection lost

Rejoining the realm…

Still unreachable

The connection could not be restored.

Session expired

The server has moved on; the page needs a fresh start.